 Dungeon Crawl Stone Soup version 0.31-a0-851-g7ff8af7976 (webtiles) character file.

Game seed: 7535381006409217835

4 Kurtz the Sneak (level 1, -1/18 HPs)
             Began as a Mummy Delver on Oct 6, 2023.
             Slain by an orc
             ... wielding a +0 flail
              (6 damage)
             ... on level 4 of the Dungeon.
             The game lasted 00:00:16 (85 turns).

Kurtz the Sneak (Mummy Delver)                        Turns: 85, Time: 00:00:17

Health: -1/18      AC:  8    Str: 15    XL:     1   Next: 50%
Magic:  1/1        EV:  7    Int:  9    God:
Gold:   26         SH:  0    Dex: 13    Spells: 0/0 levels left

rFire   x . .        a - +0 hand axe
rCold   + . .        (no shield)
rNeg    + + +        g - +0 chain mail
rPois   ∞            (no helmet)
rElec   .            (no cloak)
rCorr   .            (no gloves)
SInv    .            (no boots)
Will    .....        (no amulet) Stlth
                     (no ring)
HPRegen 0.23/turn    (no ring)
MPRegen 0.07/turn

%: faith
@: no status effects
A: cold resistance 1, negative energy resistance 3, torment resistance 2, heat
vulnerability 1, in touch with death 1, no potions, faith
a: no special abilities


You were on level 4 of the Dungeon.
You visited 1 branch of the dungeon, and saw 2 of its levels.

You collected 26 gold pieces.

Inventory:

Hand Weapons
 a - a +0 hand axe (weapon)
Armour
 b - a +0 leather armour
 g - a +0 chain mail (worn)
Wands
 f - a wand of digging (3)
Scrolls
 c - a scroll of fog
 d - a scroll of revelation
 e - a scroll of fear
 h - 2 scrolls of poison {unknown}


   Skills:
 - Level 3.0 Fighting
 * Level 1.9 Axes
 - Level 1.5 Dodging
 - Level 4.1 Stealth


You couldn't memorise any spells.
You didn't know any spells.
Your spell library was empty.

Dungeon Overview and Level Annotations

Branches:
Dungeon (5/15)
 Temple: D:4-7

Altars:

Annotations:
D:5 exclusion: jelly


Innate Abilities, Weirdness & Mutations

You are immune to poison.
Your flesh is cold resistant. (rC+)
You are immune to negative energy. (rN+++)
You are immune to unholy pain and torment.
You are vulnerable to heat. (rF-)
You are in touch with the powers of death.
You do not drink.
You have a special connection with the divine. (Faith)


Message History

A malevolent force fills the Dungeon... and a teleportation trap spontaneously manifests!
You are yanked towards some nearby monsters!
Your surroundings suddenly seem different.
A worm, a hobgoblin and 2 orcs come into view.
Found 6 stones and 10 gold pieces.
The orc shouts!
The adder moves out of view.
Found a scroll labelled NEBU RUBLUADA.
A ball python comes into view.
The ball python hisses angrily.
You hear an angry hiss.
You completely miss the ball python. The ball python closely misses you.
The ball python barely misses you.
You barely miss the ball python. You closely miss the orc.
The ball python bites you. The ball python grabs you.
The ball python constricts you. The orc hits you with a +0 flail.
The ball python bites you but does no damage.
The ball python constricts you.
You hit the ball python.
You kill the ball python!
You hit the orc but do no damage. The orc hits you but does no damage.
Unknown command.
You completely miss the orc. The orc hits you with a +0 flail.
The hobgoblin hits you.
You are too injured to fight recklessly!
Unknown command.
You are too injured to fight recklessly!
You slash the hobgoblin!
You kill the hobgoblin!
You hit the orc but do no damage. The orc hits you with a +0 flail.
* * * LOW HITPOINT WARNING * * *
Unknown command.
You are too injured to fight recklessly!
You closely miss the orc. You barely miss the orc.
The orc barely misses you. x2
A black bear comes into view.
You are too injured to fight recklessly!
Unknown command.
You are too injured to fight recklessly!
You barely miss the orc. You hit the orc. The orc barely misses you.
The orc hits you with a +0 flail.
You die...

#h# ..# # #.#
#...# ≈
##########.#.#
≈.#........#...#
≈.........(#?#†#
≈..........#.o@#
≈..........#.#o#
≈..........#..w#
≈..........###.#
≈.........w....#
...........g..##
.............##
....$........#
.............#


You could see a black bear, a worm and 2 orcs.

Vanquished Creatures
  A ball python (D:4)
  2 hobgoblins (D:4)
3 creatures vanquished.

Notes
Turn   | Place    | Note
-------+----------+-------------------------------------------
     0 | D:5      | Kurtz the Mummy Delver began the quest for the Orb.
     0 | D:5      | Reached XP level 1. HP: 18/18 MP: 1/1
     3 | D:5      | Noticed a jelly
    84 | D:4      | Noticed a black bear
    85 | D:4      | Slain by an orc

Illustrated notes

Levels and vault maps discovered:
D:4:      layout_basic, mainiacjoe_overflow_brackets, hangedman_minor_gate_pass,
          uniq_ijyb
D:5:      layout_basic, mainiacjoe_overflow_alcove_2, serial_shops,
          nicolae_shop_industrial_runoff, kennysheep_flooded_box,
          glass_columns_a, grunt_ministairs_13, kennysheep_generic_room_12

Action                     || total
---------------------------++-------
  Melee: Hand axe          ||     8
   Stab: Sleeping          ||     1
 Armour: Chain mail        ||     8
  Dodge: Dodged            ||     5

Table legend: (Time is in decaauts)
 A = Elapsed time spent in this place.
 B = Non-inter-level travel time spent in this place.
 C = Inter-level travel time spent in this place.
 D = Time resting spent in this place.
 E = Time spent auto-exploring this place.
 F = Levels seen in this place.
 G = Mean time per level.
                   A        B        C        D        E       F      G
               +--------+--------+--------+--------+--------+-----+--------+
         Total |     86 |     86 |      0 |      0 |     42 |   2 |   43.0 |
       Dungeon |     86 |     86 |      0 |      0 |     42 |   2 |   43.0 |
               +--------+--------+--------+--------+--------+-----+--------+

Top non-repeatable levels by time:
     D:4: 69 daAuts
     D:5: 17 daAuts
